 Dungeon Sprint DCSS version 0.20.1-1-g8b1a95d (console) character file.

54 hilaritas the Basher (level 6, -3/66 HPs)
             Began as a Minotaur Fighter on Mar 2, 2018.
             Was an Initiate of Uskayaw.
             Slain by a tyrant leech (29 damage)
             ... in the Dungeon (Sprint VI: "Thunderdome").
             The game lasted 00:03:59 (400 turns).

hilaritas the Basher (Minotaur Fighter)              Turns: 400, Time: 00:04:00

Health: -3/66      AC:  6    Str: 21    XL:     6   Next: 71%
Magic:  4/7        EV:  8    Int:  6    God:    Uskayaw [......]
Gold:   61         SH: 12    Dex: 10    Spells: 5/5 levels left

rFire    . . .     SeeInvis .   a - +0 flail
rCold    . . .     Gourm    .   c - +0 shield
rNeg     . . .     Faith    .   b - +0 scale mail
rPois    .         Spirit   .   (helmet restricted)
rElec    .         Reflect  .   (no cloak)
rCorr    .         Harm     .   (no gloves)
MR       .....     NoTele   +   (no boots)
Stlth    ..........             (no amulet)
Regen    0.3/turn               (no ring)
MPRegen  0.1/turn               (no ring)

@: no status effects
A: retaliatory headbutt, horns 2
a: Renounce Religion


You were in the Dungeon.
You worshipped Uskayaw.
Uskayaw was noncommittal.
You were not hungry.

You visited 1 branch You collected 280 gold pieces.
You spent 219 gold pieces at shops.

Inventory:

Hand Weapons
 a - a +0 flail (weapon)
Armour
 b - a +0 scale mail (worn)
 c - a +0 shield (worn)
Wands
 m - a wand of acid (5/15)
 n - a wand of iceblast (5/15)
Scrolls
 k - 4 scrolls of blinking
 o - 3 scrolls of fog
 q - 2 scrolls of identify
Potions
 d - a potion of might
 e - a potion of curing
 g - a potion of heal wounds
 h - 4 potions of haste
 i - 2 potions of magic
 j - a potion of berserk rage
 l - a potion of resistance
Comestibles
 f - a bread ration
 s - 3 royal jellies


   Skills:
 + Level 9.9 Fighting
 - Level 10.3 Maces & Flails
 - Level 3.6 Armour
 + Level 10.2 Shields
 * Level 3.6 Invocations


You had 5 spell levels left.
You didn't know any spells.

Dungeon Overview and Level Annotations

Branches:
Dungeon (1/1)

Altars:
Cheibriados
Dithmenos
Fedhas
Gozag
Kikubaaqudgha
Makhleb
Okawaru
Qazlal
Ru
Sif Muna
Trog
Uskayaw
Vehumet
Xom
Yredelemnul
Zin
The Shining One
Beogh
Jiyva
Lugonu

Shops:
D *[%??*?*:[((!!!


Innate Abilities, Weirdness & Mutations

You reflexively headbutt those who attack you in melee.
You have a pair of horns on your head.


Message History

You barely miss the tyrant leech. Your headbutt misses the tyrant leech.
The tyrant leech bites you!!
* * * LOW HITPOINT WARNING * * *
The tyrant leech draws strength from your injuries!
Unknown command.
You feel much better. The tyrant leech bites you!
* * * LOW HITPOINT WARNING * * *
The tyrant leech draws strength from your injuries!
You feel much better. You block the tyrant leech's attack.
You completely miss the tyrant leech. Your headbutt misses the tyrant leech.
You hit the tyrant leech. You headbutt the tyrant leech!
The tyrant leech is moderately wounded.
The tyrant leech bites you!
The tyrant leech draws strength from your injuries!
You stomp with the beat, sending a shockwave through the revelers around you!
The tyrant leech is moderately wounded.
You feel somewhat more hungry.
You can no longer stomp with the beat.
The tyrant leech bites you!!
You die...

#.....# ##.....##
##∩.....∩## #∩.......∩#
#_........# #........_#
#_......._#
###.........###
#⌠...".......⌠#
#####.8......†..8.######
∩___......###...@w.___∩#
........8.# #.8........∩
.........†###...........
.......###...###........
....[..# #.<.# #........
.......###...###........
..........###...........
........8.# #.8........∩
∩___....÷.###......_
#####.8.........8.#
#⌠...........⌠#


You could see a tyrant leech.

Vanquished Creatures
  Sigmund (D)
  A porcupine (D)
  Purgy (D)
  A hound (D)
  Jessica (D)
  4 river rats (D)
  A leopard gecko (D)
  A frilled lizard (D)
11 creatures vanquished.

Notes
Turn   | Place    | Note
-------+----------+-------------------------------------------
     0 | D        | hilaritas the Minotaur Fighter began the quest for the Orb.
     0 | D        | Reached XP level 1. HP: 19/19 MP: 0/0
     1 | D        | Found a stormy altar of Qazlal.
     1 | D        | Found an ancient bone altar of Kikubaaqudgha.
     2 | D        | Found a bloodstained altar of Trog.
     2 | D        | Found a radiant altar of Vehumet.
     3 | D        | Found a viscous altar of Jiyva.
     4 | D        | Found a blossoming altar of Fedhas.
     4 | D        | Found Jumo's Staff Store.
     4 | D        | Found Dif Bol's Magic Scroll Shop.
     5 | D        | Found a glowing golden altar of the Shining One.
     5 | D        | Found Tuthat's Must-Have Magic.
     5 | D        | Found Xauf's Magic Scroll Shop.
     5 | D        | Round 1.
    21 | D        | Found a sacrificial altar of Ru.
    21 | D        | Noticed a hound
    24 | D        | Found a snail-covered altar of Cheibriados.
    32 | D        | Killed a hound
    32 | D        | Reached skill level 5 in Fighting
    32 | D        | Reached skill level 5 in Shields
    32 | D        | Reached XP level 2. HP: 29/29 MP: 1/1
    34 | D        | Found a glowing silver altar of Zin.
    34 | D        | Found Gionk's Bee Food.
    34 | D        | Found Ostaj's Jewellery.
    35 | D        | Found Duppele's Advanced Armour.
    35 | D        | Noticed Sigmund
    36 | D        | Found a burning altar of Makhleb.
    36 | D        | Found an opulent altar of Gozag.
    36 | D        | Found a deep blue altar of Sif Muna.
    36 | D        | Found Gebytedu's Identification Station.
    49 | D        | Killed Sigmund
    49 | D        | Reached XP level 3. HP: 27/41 MP: 2/2
    49 | D        | Reached XP level 4. HP: 33/49 MP: 3/3
    49 | D        | Reached XP level 5. HP: 38/56 MP: 4/4
    57 | D        | Found a roughly hewn altar of Beogh.
    58 | D        | Found a shimmering altar of Xom.
    59 | D        | Found an iron altar of Okawaru.
    62 | D        | Found a corrupted altar of Lugonu.
    62 | D        | Found a hide-covered altar of Uskayaw.
    62 | D        | Found a basalt altar of Yredelemnul.
    62 | D        | Found Pimm's Premium Goods.
    62 | D        | Found Eminies's Weapon Rack.
    90 | D        | Noticed Jessica
    90 | D        | Found Nufurhur's Miscellaneous Merchandise.
    90 | D        | Found Oduugradd's Basic Armour.
    95 | D        | Killed Jessica
   107 | D        | Found a shadowy altar of Dithmenos.
   112 | D        | Became a worshipper of Uskayaw the Reveler
   154 | D        | Arena points: 12 (+12) [x2]
   186 | D        | Round 2.
   235 | D        | Bought 3 scrolls of identify for 150 gold pieces
   242 | D        | Bought a steaming lead amulet for 45 gold pieces
   243 | D        | Bought 3 royal jellies for 24 gold pieces
   247 | D        | Noticed a porcupine
   252 | D        | Reached * piety under Uskayaw
   253 | D        | Killed a porcupine
   253 | D        | Reached XP level 6. HP: 45/63 MP: 4/6
   253 | D        | Reached ** piety under Uskayaw
   254 | D        | Noticed Purgy
   254 | D        | Identified the amulet of Tusya {Inacc Int+6} (You bought it in a shop in the Dungeon)
   272 | D        | Reached *** piety under Uskayaw
   273 | D        | Killed Purgy
   273 | D        | Reached skill level 10 in Maces & Flails
   273 | D        | Reached skill level 10 in Shields
   274 | D        | Reached **** piety under Uskayaw
   319 | D        | Arena points: 54 (+42) [x3]
   378 | D        | Round 3.
   388 | D        | Noticed a tyrant leech
   390 | D        | Found Siraefoh's Distillery.
   391 | D        | Found Gucheal's Distillery.
   391 | D        | Found Kyank's Bottled Wisdom.
   400 | D        | Slain by a tyrant leech

Skill      XL: |  1  2  3  4  5  6 |
---------------+-------------------+-----
Fighting       | 5 8 9 |  9.9
Maces & Flails | 4 8 9 10 | 10.3
Shields        | 5 8 9 10 | 10.2
Invocations    | 2 3 |  3.6
Armour         | |  3.6

Action                   |  1- 3 |  4- 6 || total
-------------------------+-------+-------++-------
Melee: Flail             |    16 |    47 ||    63
       Headbutt          |     3 |     9 ||    12
Invok: Stomp             |       |     1 ||     1
  Use: Potion            |       |     3 ||     3
       Scroll            |       |     1 ||     1
 Stab: Paralysed         |       |     1 ||     1
Armor: Scale mail        |     8 |     5 ||    13
Dodge: Dodged            |     3 |     6 ||     9
Block: Shield            |     8 |    26 ||    34
